 Dungeon Crawl Stone Soup version 0.26-a0-852-g6321bf7485 (webtiles) character file.

Game seed: 14741781807423305914

1444 leviel the Basher (level 8, 0/51 HPs)
             Began as a Gargoyle Monk on Nov 21, 2020.
             Was a Priest of the Shining One.
             Slain by an orc warrior
             ... wielding a +0 battleaxe
              (5 damage)
             ... on level 6 of the Dungeon.
             The game lasted 00:09:12 (5417 turns).

leviel the Basher (Gargoyle Monk)                   Turns: 5417, Time: 00:09:13

Health: 0/51       AC: 22    Str: 17    XL:     8   Next: 74%
Magic:  5/8        EV:  6    Int: 11    God:    the Shining One [***...]
Gold:   249        SH:  6    Dex: 12    Spells: 7/7 levels left

rFire    . . .     SeeInvis .   a - +1 mace
rCold    . . .     Faith    .   (no shield)
rNeg     + + .     Spirit   .   e - +0 plate armour
rPois    ∞         Reflect  .   r - +1 helmet
rElec    +         Harm     .   (no cloak)
rCorr    .         Rampage  .   b - +0 pair of gloves
MR       .....                  l - +0 pair of boots
Stlth    ..........             (no amulet)
HPRegen  0.17/turn              (no ring)
MPRegen  0.11/turn              (no ring)

@: mighty, divine shield, glowing
A: negative energy resistance 1, electricity resistance, unbreathing,
petrification resistance, rot immunity, AC +5
a: Divine Shield, Renounce Religion


You were on level 6 of the Dungeon.
You worshipped the Shining One.
The Shining One was most pleased with you.
You visited 2 branches of the dungeon, and saw 7 of its levels.
You also visited: Sewer.

You collected 249 gold pieces.

Inventory:

Hand Weapons
 a - a +1 mace (weapon)
Missiles
 p - 6 curare-tipped darts (quivered)
Armour
 b - a +0 pair of gloves (worn)
 e - a +0 plate armour (worn)
 l - a +0 pair of boots (worn)
 r - a +1 helmet (worn)
Wands
 o - a wand of enslavement (8)
Scrolls
 d - 2 scrolls of identify
 k - 3 scrolls of remove curse
 m - 3 scrolls of amnesia
 n - 3 scrolls of teleportation
 u - a scroll of silence {unknown}
Potions
 c - a potion of magic
 f - 3 potions of heal wounds
 g - 2 potions of haste
 h - 3 potions of might
 i - a potion of degeneration
 j - 8 potions of curing {unknown}
 q - a potion of mutation {unknown}
 s - a potion of flight {unknown}
 t - a potion of resistance {unknown}
 v - a potion of berserk rage {unknown}


   Skills:
 + Level 5.8 Fighting
 + Level 8.4 Maces & Flails
 + Level 0.8 Throwing
 + Level 4.2 Armour
 + Level 3.5 Dodging
 + Level 2.7 Stealth


You had 7 spell levels left.
You didn't know any spells.
Your spell library was empty.

Dungeon Overview and Level Annotations

Branches:
Dungeon (6/15)             Temple (1/1) D:4           Sewer (visited)

Altars:
Ashenzari
Cheibriados
Dithmenos
Elyvilon
Gozag
Hepliaklqana
Kikubaaqudgha
Makhleb
Okawaru
Qazlal
Ru
Sif Muna
Trog
Vehumet
Wu Jian
Xom
Yredelemnul
Zin
The Shining One

Shops:
D:2 *


Innate Abilities, Weirdness & Mutations

You are resistant to torment.
Your stone body is resilient. (AC +5)
You are immune to poison.
You resist negative energy. (rN+)
You are resistant to electric shocks. (rElec)
You can survive without breathing.
You are immune to petrification.
You are immune to rotting.


Message History

The orc warrior hits you with a +0 battleaxe!
* * * LOW HITPOINT WARNING * * *
You barely miss the orc warrior.
The orc wizard gestures wildly while chanting.
The orc wizard flickers and vanishes for a moment.
The orc warrior completely misses you. A divine shield forms around you!
You block the orc warrior's attack.
You hit the orc warrior.
The orc warrior is moderately wounded.
The orc wizard gestures wildly while chanting.
The orc wizard flickers and vanishes for a moment.
You sock the orc warrior!
The orc warrior is heavily wounded.
The orc warrior hits you with a +0 battleaxe.
The Shining One protects you from harm!
You hit the orc warrior.
The orc warrior is heavily wounded.
The orc wizard casts a cantrip, but nothing happens.
The orc warrior hits you with a +0 battleaxe.
You die...

#....##... #....#....
#.. ####......# #.#
#.#......## #.#
#....#....### #.#
##..####....$. #.##
#### ###..## #......
#..####..####o..##
#......
#####..##......@oo.##
...#...
#...........########
..####..
###..##....## .# ..
######...#### .# ..
#......###
#........##
##....#...#
#...###..# ##...#
#.##


You could see an orc warrior and 2 orc wizards.

Vanquished Creatures
  Menkaure (D:4)
  An ice beast (D:5)
  A necrophage (D:3)
  2 phantoms
  3 ogres
  A big kobold (Sewer)
  A scorpion (D:5)
  A centaur zombie (D:5)
  3 hounds
  2 orc priests
  3 iguanas
  4 worker ants (D:4)
  A hound zombie (D:5)
  Robin (D:3)
  3 adders (D:3)
  A white imp (D:5)
  2 ufetubi (D:5)
  2 oozes
  2 adder skeletons
  4 worms
  3 dart slugs
  4 leopard geckos
  9 orcs
  5 ball pythons
  8 giant cockroaches
  6 hobgoblins
  15 jackals
  6 quokkas
  13 bats
  7 frilled lizards
  14 goblins
  A jackal zombie (D:5)
  19 kobolds
  2 leopard gecko skeletons
  4 rats
155 creatures vanquished.

Notes
Turn   | Place    | Note
-------+----------+-------------------------------------------
     0 | D:1      | leviel the Gargoyle Monk began the quest for the Orb.
     0 | D:1      | Reached XP level 1. HP: 14/14 MP: 1/1
   375 | D:1      | Reached XP level 2. HP: 15/19 MP: 2/2
   845 | D:2      | Reached XP level 3. HP: 23/24 MP: 3/3
   872 | D:2      | Found an opulent altar of Gozag.
   874 | D:2      | Found Gozag's Platinum Reserve.
  1814 | D:3      | Found a stormy altar of Qazlal.
  1816 | D:3      | Noticed a water elemental
  1817 | D:3      | Noticed an earth elemental
  1817 | D:3      | Noticed an air elemental
  1817 | D:3      | Noticed a fire elemental
  1828 | D:3      | Reached XP level 4. HP: 25/29 MP: 4/4
  2121 | D:3      | Noticed a necrophage
  2143 | D:3      | Killed a necrophage
  2144 | D:3      | Reached skill level 4 in Maces & Flails
  2144 | D:3      | Reached skill level 1 in Armour
  2144 | D:3      | Reached XP level 5. HP: 33/33 MP: 5/5
  2339 | D:3      | Found an iron altar of Okawaru.
  2341 | D:3      | Noticed Robin
  2377 | D:3      | Killed Robin
  2378 | D:3      | Reached XP level 6. HP: 31/39 MP: 6/6
  2540 | D:3      | Found a radiant altar of Vehumet.
  2826 | D:4      | Noticed Menkaure
  2839 | D:4      | Killed Menkaure
  2840 | D:4      | Reached skill level 5 in Maces & Flails
  3066 | D:4      | Found a staircase to the Ecumenical Temple.
  3091 | Temple   | Entered the Ecumenical Temple
  3211 | Temple   | Became a worshipper of the Shining One
  3211 | Temple   | Reached * piety under the Shining One
  3211 | Temple   | Reached ** piety under the Shining One
  3252 | D:4      | Reached XP level 7. HP: 42/44 MP: 7/7
  3467 | D:4      | Reached skill level 6 in Maces & Flails
  3525 | D:4      | Reached skill level 5 in Fighting
  3748 | D:4      | Reached skill level 7 in Maces & Flails
  3821 | D:5      | Entered Level 5 of the Dungeon
  3840 | D:5      | Reached XP level 8. HP: 29/49 MP: 8/8
  4254 | D:5      | Found a glowing drain.
  4263 | Sewer    | Entered a sewer
  4653 | D:5      | Reached *** piety under the Shining One
  4965 | D:5      | Reached skill level 8 in Maces & Flails
  5416 | D:6      | The Shining One protects you from harm!
  5417 | D:6      | Slain by an orc warrior

Illustrated notes

Levels and vault maps discovered:
D:1:      evilmike_arrival_plus, layout_basic
D:2:      layout_basic, nicolae_gozag_zags_fifth_avenue
D:3:      layout_loops_ring, nicolae_qazlal_style_of_elements,
          lemuel_round_altar, okawaru_metal_pillars_1_2, uniq_robin
D:4:      layout_rooms, minmay_temple_entry_junction_2, grunt_ministairs_9,
          hangedman_minor_gate_pass, uniq_menkaure
D:5:      layout_loops_ring, cheibrodos_sewer_entry_sluice
D:6:      layout_layer_cave
Temple:   regret_index_temple_waves

Skill      XL: |  1  2  3  4  5  6  7  8 |
---------------+-------------------------+-----
Dodging        | 3 |  3.5
Fighting       | 4 5 |  5.8
Maces & Flails | 4 5 7 8 |  8.4
Armour         | 1 2 3 4 |  4.2
Throwing       | |  0.8
Stealth        | |  2.7

Action                   |  1- 3 |  4- 6 |  7- 9 || total
-------------------------+-------+-------+-------++-------
Melee: Mace              |   126 |   179 |   301 ||   606
Throw: Dart              |       |     3 |     5 ||     8
Invok: Divine Shield     |       |       |     1 ||     1
  Use: Potion            |       |     1 |     1 ||     2
       Scroll            |       |       |    11 ||    11
 Stab: Sleeping          |     6 |       |       ||     6
       Distracted        |     1 |       |       ||     1
Armor: Robe              |    42 |       |       ||    42
       Chain mail        |    13 |   141 |    82 ||   236
       Plate armour      |       |       |   291 ||   291
Dodge: Dodged            |    94 |   103 |   156 ||   353
Block: Other             |       |       |     1 ||     1

Table legend: (Time is in decaauts)
 A = Elapsed time spent in this place.
 B = Non-inter-level travel time spent in this place.
 C = Inter-level travel time spent in this place.
 D = Time resting spent in this place.
 E = Time spent auto-exploring this place.
 F = Levels seen in this place.
 G = Mean time per level.
                   A        B        C        D        E       F      G
               +--------+--------+--------+--------+--------+-----+--------+
         Total |   5517 |   5381 |    136 |    792 |   3278 |   8 |  689.6 |
       Dungeon |   5018 |   4903 |    115 |    692 |   3002 |   6 |  836.3 |
        Temple |    146 |    125 |     21 |      0 |    114 |   1 |  146.0 |
         Sewer |    352 |    352 |      0 |    100 |    161 |   1 |  352.0 |
               +--------+--------+--------+--------+--------+-----+--------+

Top non-repeatable levels by time:
     D:5: 1153 daAuts
     D:3: 1119 daAuts
     D:2: 996 daAuts
     D:4: 871 daAuts
     D:1: 764 daAuts
   Sewer: 352 daAuts
  Temple: 146 daAuts
     D:6: 113 daAuts
